 Dungeon Crawl Stone Soup version 0.28.0-53-g5a82cb258f (webtiles) character file.

Game seed: 12894917730841367468

359 Kranky the Skirmisher (level 6, -3/47 HPs)
             Began as an Octopode Fighter on June 20, 2022.
             Slain by an ice beast (14 damage)
             ... on level 5 of the Dungeon.
             The game lasted 00:06:10 (4855 turns).

Kranky the Skirmisher (Octopode Fighter)            Turns: 4855, Time: 00:06:11

Health: -3/47      AC:  1    Str: 15    XL:     6   Next: 65%
Magic:  6/6        EV: 13    Int: 10    God:
Gold:   190        SH:  5    Dex: 14    Spells: 5/5 levels left

rFire   . . .      SeeInvis .   a - +0 flail
rCold   . . .      Faith    .   b - +0 buckler
rNeg    . . .      Spirit   .   (helmet restricted)
rPois   .          Reflect  .   (no amulet)
rElec   .          Harm     .   (no ring)
rCorr   .          Rampage  .   (no ring)
Will    .....                   (no ring)
Stlth   +++.......              (no ring)
HPRegen 0.15/turn               (no ring)
MPRegen 0.10/turn               (no ring)
                                (no ring)
                                (no ring)

@: no status effects
A: almost no armour, amphibious, 8 rings, camouflage 1, gelatinous body 1,
(nimble swimmer 1), tentacles
a: no special abilities


You were on level 5 of the Dungeon.
You visited 1 branch of the dungeon, and saw 5 of its levels.

You collected 190 gold pieces.

Inventory:

Hand Weapons
 a - a +0 flail (weapon)
Missiles
 n - 2 throwing nets (quivered)
 q - 5 poisoned darts
Armour
 b - a +0 buckler (worn)
Scrolls
 f - a scroll of identify {unknown}
 i - 2 scrolls of enchant weapon {unknown}
 k - a scroll of blinking {unknown}
 m - a scroll of teleportation {unknown}
 s - a scroll of noise {unknown}
Potions
 c - a potion of might
 d - 2 potions of mutation {unknown}
 e - a potion of brilliance {unknown}
 g - a potion of haste {unknown}
 h - 2 potions of magic {unknown}
 j - a potion of attraction {unknown}
 l - a potion of berserk rage {unknown}
 o - a potion of lignification {unknown}
 p - a potion of cancellation {unknown}
 r - a potion of resistance {unknown}


   Skills:
 + Level 6.7 Fighting
 - Level 2.0 Maces & Flails
 + Level 3.1 Dodging
 - Level 3.0 Stealth
 + Level 3.1 Shields


You had 5 spell levels left.
You didn't know any spells.
Your spell library was empty.

Dungeon Overview and Level Annotations

Branches:
Dungeon (5/15)
 Temple: D:4-7

Altars:
Fedhas
Kikubaaqudgha
The Shining One


Innate Abilities, Weirdness & Mutations

You cannot wear most types of armour.
You are amphibious.
You can wear up to eight rings at the same time.
Your skin changes colour to match your surroundings (Stealth+).
Your rubbery body absorbs attacks. (AC +1, EV +1)
((You are camouflaged when in or above water. (Stealth+)))
You have tentacles for arms and can constrict up to eight enemies at once.


Message History

No target in view!
You are no longer corroded.
You now have 190 gold pieces (gained 3).
You see here a +0 robe.
Found a stone staircase leading down.
Found a stone staircase leading up.
s - a scroll labelled OFOOHA TIG SAU An ice beast comes into view.
There is a stone staircase leading up here.
You climb upwards.
There is a stone staircase leading down here.
You climb downwards.
There is a stone staircase leading up here.
You hit the ice beast.
You squeeze the ice beast, but do no damage.
The ice beast is lightly wounded.
You block the ice beast's attack. The ice beast hits you.
The ice beast freezes you.
You barely miss the ice beast.
You tentacle-slap the ice beast, but do no damage.
Your squeeze misses the ice beast.
The ice beast is lightly wounded.
You block the ice beast's attack.
You sock the ice beast! Your squeeze misses the ice beast.
The ice beast is moderately wounded.
The ice beast hits you. The ice beast freezes you!
You hit the ice beast.
The ice beast is heavily wounded.
The ice beast closely misses you.
You hit the ice beast.
The ice beast is severely wounded.
The ice beast hits you. The ice beast freezes you!
* * * LOW HITPOINT WARNING * * *
The ice beast barely misses you.
You sock the ice beast!
The ice beast is almost dead.
The ice beast hits you.
* * * LOW HITPOINT WARNING * * *
The ice beast freezes you!
You die...

#.............##>
#...##...##...#####
#...#######........
#...#..............
#...#....##...##...
#...#....###### ..
#.).#.........## .
#..Y#..........#
#..@##...##....+
#.>.##...##....#
#.........[....#
#.............##
#........##...# ###
#........##...##...
#..................
#........#.........
#.....)..#.........


You could see an ice beast.

Vanquished Creatures
  A scorpion (D:4)
  A jelly (D:5)
  A hound (D:5)
  An iguana (D:4)
  6 gnolls
  4 adders
  An adder zombie (D:5)
  2 worms (D:4)
  3 dart slugs
  An orc (D:3)
  2 endoplasms (D:1)
  5 giant cockroaches
  8 goblins
  10 hobgoblins
  10 jackals
  5 kobolds
  5 quokkas
  10 ball pythons
  9 bats
  2 frilled lizards
  9 rats
96 creatures vanquished.

Notes
Turn   | Place    | Note
-------+----------+-------------------------------------------
     0 | D:1      | Kranky the Octopode Fighter began the quest for the Orb.
     0 | D:1      | Reached XP level 1. HP: 16/16 MP: 1/1
   245 | D:1      | Reached skill level 1 in Stealth
   249 | D:1      | Reached XP level 2. HP: 21/21 MP: 2/2
   448 | D:1      | Reached XP level 3. HP: 19/27 MP: 3/3
  1305 | D:2      | Reached skill level 4 in Fighting
  1309 | D:2      | HP: 1/27 [poisoned by an adder]
  1733 | D:2      | Reached XP level 4. HP: 26/33 MP: 4/4
  2808 | D:2      | Reached skill level 5 in Fighting
  2808 | D:2      | Reached XP level 5. HP: 30/39 MP: 5/5
  3177 | D:3      | Found a faded altar of an unknown god.
  3187 | D:3      | Found a glowing golden altar of the Shining One.
  3744 | D:4      | Reached skill level 6 in Fighting
  3744 | D:4      | Reached XP level 6. HP: 29/47 MP: 6/6
  4125 | D:4      | Found a blossoming altar of Fedhas.
  4126 | D:4      | Found an ancient bone altar of Kikubaaqudgha.
  4536 | D:5      | Entered Level 5 of the Dungeon
  4832 | D:5      | Noticed an ice beast
  4855 | D:5      | Slain by an ice beast

Illustrated notes

Levels and vault maps discovered:
D:1:      minmay_arrival_radiant_lines, layout_basic
D:2:      layout_basic, minmay_misc_feat_nine_boxes
D:3:      layout_basic, lemuel_doored_altar, basic_ecumenical_altar,
          skrybe_limestone_x
D:4:      layout_basic, grunt_temple_overflow_growth_and_decay
D:5:      layout_gridville

Skill      XL: |  1  2  3  4  5 |
---------------+----------------+-----
Stealth        | 1 2 3 |  3.0
Fighting       | 4 5 6 |  6.7
Maces & Flails | |  2.0
Dodging        | |  3.1
Shields        | |  3.1

Action                   |  1- 3 |  4- 6 || total
-------------------------+-------+-------++-------
Melee: Flail             |    75 |   118 ||   193
       Constrict         |    20 |    33 ||    53
       Tentacles         |     9 |    30 ||    39
       Punch             |     1 |     2 ||     3
 Stab: Sleeping          |    10 |    19 ||    29
       Distracted        |       |     1 ||     1
Armor: Skin              |     4 |     5 ||     9
Dodge: Dodged            |    52 |    73 ||   125
Block: Buckler           |    14 |    25 ||    39
